AoeStats
← Zipper

Golden Pit

503412550Analyzed
1v1 RM · 1mo ago on Aug 31, 2026· 51m 4s· 2 players
Game mode
Random Map
Map size
Tiny (2 player)
Population
200
Speed
Normal
Resources
Standard
Victory
Conquest
Starting age
Dark Age
Ending age
Imperial Age
RankedLock teamsTeams togetherTeam positionsShared explorationLock speedFull tech treeHidden civsTurbo modeCheats
Victory
Defeat
🇺🇸 Lithuanians · United States
1287
+15
🇨🇭 Slavs · Switzerland
1262
-15
Zipper
7:39 Loom
9:57 Feudal Age
11:16 Double-Bit Axe
13:43 Horse Collar
20:29 Castle Age
19:44 Bloodlines
19:32 Gold Mining
20:53 Forging
22:21 Bow Saw
22:47 Husbandry
24:14 Scale Barding Armor
25:50 Heavy Plow
25:36 Light Cavalry
28:47 Squires
35:41 Imperial Age
32:57 Pikeman
34:33 Scale Mail Armor
35:09 Iron Casting
34:26 Fletching
36:25 Wheelbarrow
35:37 Town Watch
39:12 Detinets
40:52 Hussar
42:24 Chain Barding Armor
42:58 Hand Cart
43:54 Hussar
46:24 Two-Man Saw
48:25 Chain Mail Armor
adrianmajlis
9:09 Feudal Age
8:12 Loom
9:38 Double-Bit Axe
13:48 Horse Collar
19:56 Castle Age
18:43 Bloodlines
19:09 Scale Barding Armor
19:27 Gold Mining
20:56 Bow Saw
23:46 Wheelbarrow
23:37 Husbandry
25:08 Town Watch
27:09 Stone Mining
27:35 Pikeman
28:16 Squires
29:25 Chain Barding Armor
28:57 Fletching
29:19 Forging
30:20 Scale Mail Armor
34:27 Imperial Age
33:59 Hill Forts
34:09 Heavy Plow
35:32 Bodkin Arrow
36:01 Ballistics
36:45 Chain Mail Armor
39:04 Conscription
38:56 Cavalier
41:49 Chemistry
42:44 Hand Cart
44:07 Two-Man Saw
43:58 Plate Barding Armor
44:00 Iron Casting
44:53 Hoardings
44:06 Treadmill Crane
44:37 Masonry
44:08 Elite Leitis
46:41 Halberdier
50:46 Bracer
Connection lost

Rejoining the realm…

Still unreachable

The connection could not be restored.

Session expired

The server has moved on; the page needs a fresh start.